 Dungeon Crawl Stone Soup version 0.22.0-60-ga52c2fcf6e (webtiles) character file.

819 Brecoman the Conjurer (level 7, -2/58 HPs)
             Began as a White Draconian Conjurer on Sept 10, 2018.
             Was an Initiate of Vehumet.
             Slain by Prince Ribbit (17 damage)
             ... on level 6 of the Dungeon.
             The game lasted 00:28:53 (6127 turns).

Brecoman the Conjurer (White Draconian Conjurer)    Turns: 6127, Time: 00:28:53

Health: -2/58      AC:  7    Str: 11    XL:     7   Next: 63%
Magic:  0/12       EV: 13    Int: 17    God:    Vehumet [......]
Gold:   295        SH:  0    Dex: 13    Spells: 6/13 levels left

rFire    . . .     SeeInvis .   q - +1 halberd
rCold    + . .     Gourm    .   (shield currently unavailable)
rNeg     . . .     Faith    .   (armour unavailable)
rPois    .         Spirit   .   (helmet restricted)
rElec    .         Reflect  .   (no cloak)
rCorr    .         Harm     .   (no gloves)
MR       .....                  o - +0 pair of boots
Stlth    ++........             (no amulet)
HPRegen  0.19/turn              m - +2 ring of dexterity
MPRegen  0.13/turn              (no ring)

@: very slightly contaminated
A: breathe frost, unfitting armour, cold resistance 1, cold-blooded, AC +6
a: Breathe Frost, Renounce Religion


You were on level 6 of the Dungeon.
You worshipped Vehumet.
Vehumet was noncommittal.
You were not hungry.

You visited 2 branches of the dungeon, and saw 7 of its levels.

You collected 295 gold pieces.

Inventory:

Hand Weapons
 e - a +0 dagger
 q - a +1 halberd (weapon)
Missiles
 a - 126 stones
 c - 3 tomahawks (quivered)
 l - 77 sling bullets
Armour
 o - a +0 pair of boots (worn)
Jewellery
 m - a +2 ring of dexterity (left hand)
Wands
 s - a wand of scattershot (2)
Scrolls
 d - a scroll of remove curse
 f - 4 scrolls of identify
 h - 2 scrolls of magic mapping
 i - a scroll of blinking
 w - a scroll of teleportation
 x - a scroll of fear
Potions
 g - 3 potions of might
 j - a potion of ambrosia {unknown}
 k - a potion of flight {unknown}
 n - a potion of lignification {unknown}
 p - 2 potions of mutation {unknown}
 t - 2 potions of curing
 u - 2 potions of degeneration
 v - a potion of magic {unknown}
 z - a potion of brilliance {unknown}
 A - a potion of invisibility {unknown}
 B - a potion of berserk rage {unknown}
Comestibles
 b - 11 rations
 r - 13 chunks of flesh


   Skills:
 + Level 3.9 Fighting
 + Level 3.7 Dodging
 - Level 1.7 Stealth
 + Level 3.9 Spellcasting
 * Level 6.9 Conjurations


You had 6 spell levels left.
You knew the following spells:

 Your Spells              Type           Power        Failure   Level  Hunger
a - Magic Dart            Conj           ####         1%          1    None
b - Searing Ray           Conj           ####..       1%          2    ##.....
c - Iskenderun's Mystic   Conj           ####....     10%         4    ####...

Your spell library contained the following spells:

 Spells                   Type           Power        Failure   Level  Hunger
 Dazzling Spray           Conj/Hex       ###...       12%         3    ###....
 Force Lance              Conj/Tloc      ###.....     36%         4    ####...
 Fulminant Prism          Conj/Hex       ###.......   36%         4    ####...


Dungeon Overview and Level Annotations

Branches:
Dungeon (6/15)             Temple (1/1) D:5

Altars:
Cheibriados
Dithmenos
Elyvilon
Fedhas
Gozag
Hepliaklqana
Kikubaaqudgha
Nemelex Xobeh
Okawaru
Qazlal
Ru
Sif Muna
Trog
Uskayaw
Vehumet
Wu Jian
Zin
The Shining One

Shops:
D:5 :

Annotations:
D:1 exclusion: downstairs
D:4 Duvessa
D:6 Prince Ribbit


Innate Abilities, Weirdness & Mutations

You can breathe waves of freezing cold.
You can buffet flying creatures when you breathe cold.
Your icy white scales are hard. (AC +6)
You cannot fit into any form of body armour.
Your flesh is cold resistant. (rC+)
You are cold-blooded and may be slowed by cold attacks.


Message History

Press: ? - help, Shift-Dir - straight line, f/p - Prince Ribbit
Aim: Prince Ribbit (heavily wounded)
The magic dart hits Prince Ribbit.
Prince Ribbit is heavily wounded.
Prince Ribbit hits you!
You hit Prince Ribbit.
Prince Ribbit is severely wounded.
Prince Ribbit hits you!
* * * LOW HITPOINT WARNING * * *
Prince Ribbit hits you but does no damage.
Prince Ribbit misses you.
Casting: Magic Dart (safe; 1% risk of failure)
Confirm with . or Enter, or press ? or * to list all spells.
Aiming: Magic Dart (safe; 1% risk of failure)
Press: ? - help, Shift-Dir - straight line, f/p - Prince Ribbit
Aim: Prince Ribbit (severely wounded)
The magic dart hits Prince Ribbit.
Prince Ribbit is severely wounded.
Prince Ribbit hits you!
You die...

... .!###. ....#
#...#....##. .....
##........... .....#
###............ ......#
##.............#
.......##...............
.....!..................
........................
#....@F...............
#....###..........#.)..
#...# #.........##....
... ##.......###.... .
#.......# #..)#
#.........#..).
#..............
#...#..#........
#..###.###......


You could see Prince Ribbit.

Vanquished Creatures
  An ogre (D:5)
  Blork the orc (D:5)
  A bullfrog (D:6)
  Dowan (D:4)
  A scorpion (D:5)
  A crimson imp (D:6)
  A bullfrog zombie (D:5)
  2 hounds (D:5)
  2 orc wizards (D:5)
  An iguana (D:4)
  Natasha (thrice) (D:2)
  2 worker ants
  An adder (D:3)
  4 gnolls
  An ooze (D:1)
  5 leopard geckos
  9 orcs
  4 bats
  2 giant cockroaches
  9 hobgoblins
  8 jackals
  2 frilled lizards
  6 goblins
  9 kobolds
  8 rats
85 creatures vanquished.

Vanquished Creatures (others)
  A scorpion (D:5)
1 creature vanquished.

Grand Total: 86 creatures vanquished

Notes
Turn   | Place    | Note
-------+----------+-------------------------------------------
     0 | D:1      | Brecoman the Draconian Conjurer began the quest for the
                  | Orb.
     0 | D:1      | Reached XP level 1. HP: 14/14 MP: 3/3
   187 | D:1      | Reached XP level 2. HP: 14/20 MP: 1/5
   463 | D:1      | Learned a level 2 spell: Searing Ray
  1112 | D:1      | Reached skill level 1 in Fighting
  1112 | D:1      | Reached XP level 3. HP: 28/28 MP: 3/6
  1294 | D:2      | Noticed Natasha
  1297 | D:2      | Killed Natasha
  1424 | D:2      | Reached XP level 4. HP: 35/35 MP: 3/7
  1501 | D:2      | Reached skill level 5 in Conjurations
  2011 | D:2      | Noticed Natasha
  2015 | D:2      | Killed Natasha
  2070 | D:2      | Noticed Natasha
  2076 | D:2      | Killed Natasha
  2076 | D:2      | Reached XP level 5. HP: 41/41 MP: 1/9
  3372 | D:4      | Noticed Dowan
  3372 | D:4      | Noticed Duvessa
  4023 | D:4      | Killed Dowan
  4023 | D:4      | Reached XP level 6. HP: 47/50 MP: 4/10
  4118 | D:5      | Entered Level 5 of the Dungeon
  4246 | D:5      | Learned a level 4 spell: Iskenderun's Mystic Blast
  4261 | D:5      | Noticed Blork the orc
  4290 | D:5      | Killed Blork the orc
  4290 | D:5      | Reached skill level 6 in Conjurations
  4375 | D:5      | Found a staircase to the Ecumenical Temple.
  4385 | Temple   | Entered the Ecumenical Temple
  4576 | Temple   | Became a worshipper of Vehumet
  4714 | D:5      | Your scales start taking on an icy white colour.
  4714 | D:5      | Reached XP level 7. HP: 31/57 MP: 4/12
  4714 | D:5      | Gained mutation: Your flesh is cold resistant. (rC+) [White
                  | Draconian growth]
  4901 | D:5      | Found Ussocyurr's Book Shop.
  6111 | D:6      | Noticed Prince Ribbit
  6127 | D:6      | Slain by Prince Ribbit

Skill      XL: |  1  2  3  4  5  6 |
---------------+-------------------+-----
Dodging        | 2 3 |  3.7
Fighting       | 1 2 3 |  3.9
Conjurations   | 5 6 |  6.9
Spellcasting   | 3 |  3.9
Stealth        | |  1.7

Action                   |  1- 3 |  4- 6 |  7- 9 || total
-------------------------+-------+-------+-------++-------
Melee: Dagger            |    50 |       |       ||    50
       Unarmed           |     2 |       |       ||     2
       Tailslap          |     4 |     2 |     2 ||     8
       Halberd           |       |    39 |    44 ||    83
 Cast: Magic Dart        |    40 |    95 |    35 ||   170
       Searing Ray       |     2 |     6 |     1 ||     9
       Iskenderun's Myst |       |     2 |     6 ||     8
  Use: Scroll            |       |    11 |       ||    11
 Stab: Sleeping          |     1 |     1 |       ||     2
  Eat: Chunk             |     1 |    11 |     1 ||    13
       Ration            |       |       |     2 ||     2
Armor: Skin              |    26 |    27 |    24 ||    77
Dodge: Dodged            |    59 |    66 |    43 ||   168
